[ AOE2 MATCH · #479315520 ]
UnrankedGurjaras vs Burgundians
Player's team · LOSS
[ REPLAY ANALYSIS · EXTRACTED FROM THE RECORDED GAME ]
Feudal
14:17
Castle
18:46
Imperial
—
| APM avg | 25.6 |
| APM peak | 57 |
| eAPM avg | 14.8 |
| Villagers / military | 65 / 130 |
Focus
⚔️ 20.8% · 🌾 79.2%
Shrivamsha Rider ×66 · Camel Scout ×63 · Armored Elephant ×1
Feudal
13:50
Castle
17:24
Imperial
—
| APM avg | 23.1 |
| APM peak | 64 |
| eAPM avg | 9.9 |
| Villagers / military | 56 / 29 |
Focus
⚔️ 18.6% · 🌾 81.4%
Steppe Lancer ×16 · Monk ×8 · Iron Pagoda ×3 · Scout Cavalry ×2
Feudal
13:52
Castle
25:48
Imperial
—
| APM avg | 24.9 |
| APM peak | 40 |
| eAPM avg | 15.0 |
| Villagers / military | 138 / 102 |
Focus
⚔️ 26.4% · 🌾 73.6%
Knight ×76 · Scout Cavalry ×13 · Spearman ×9 · Flemish Militia ×4
Feudal
12:58
Castle
26:26
Imperial
—
| APM avg | 34.0 |
| APM peak | 81 |
| eAPM avg | 13.7 |
| Villagers / military | 76 / 76 |
Focus
⚔️ 32.2% · 🌾 67.8%
Shrivamsha Rider ×38 · Scout Cavalry ×20 · Camel Scout ×18
Feudal
11:47
Castle
24:02
Imperial
36:00
| APM avg | 44.8 |
| APM peak | 93 |
| eAPM avg | 17.7 |
| Villagers / military | 72 / 95 |
Focus
⚔️ 40.8% · 🌾 59.2%
Camel Archer ×88 · Scout Cavalry ×4 · Spearman ×2 · Monk ×1
Feudal
12:02
Castle
22:28
Imperial
39:54
| APM avg | 35.9 |
| APM peak | 64 |
| eAPM avg | 19.7 |
| Villagers / military | 176 / 84 |
Focus
⚔️ 23.5% · 🌾 76.5%
Fire Lancer ×54 · Archer ×19 · Spearman ×5 · Iron Pagoda ×3 · Trebuchet (Packed) ×3
Feudal
14:03
Castle
26:52
Imperial
—
| APM avg | 26.5 |
| APM peak | 50 |
| eAPM avg | 12.5 |
| Villagers / military | 120 / 64 |
Focus
⚔️ 21.7% · 🌾 78.3%
Cavalry Archer ×36 · Scout Cavalry ×17 · Knight ×8 · Spearman ×3
Feudal
12:58
Castle
16:29
Imperial
31:49
| APM avg | 37.5 |
| APM peak | 66 |
| eAPM avg | 22.2 |
| Villagers / military | 190 / 126 |
Focus
⚔️ 35.5% · 🌾 64.5%
Mangudai ×63 · Scorpion ×49 · Mangonel ×11 · Trebuchet (Packed) ×3
Match map
Initial resources + every placement click. Lines = walls · curves = elevation contours. ◆ gold · ⬟ stone · ● berries · ✦ relic · ◌ wall gap
Your base· Open — 9t gap
KekL_Perce1992's base· Open — unwalled flank
Pius X's base· Open — unwalled flank
El Papá's base· Open — 9t gap
JAGR | LeonzAoe's base· Open — 11t gap
PVS | Sam's base· Open — 7t gap
[T41] Flavalon's base· Open — unwalled flank
Hakka1_90's base· Open — unwalled flank
Smoothed initial terrain · ◌ = detected wall gap · hover for details
Inputs per minute
— VaultBoy - - KekL_Perce1992
Build order — VaultBoy
First 150 of 219 actions detected
| 1:20 | Build | Town Center |
| 3:38 | Build | House |
| 3:39 | Build | House |
| 3:41 | Create | Villager (Male) |
| 3:42 | Create | Villager (Male) |
| 3:42 | Create | Villager (Male) |
| 3:42 | Create | Villager (Male) |
| 4:56 | Create | Villager (Male) |
| 5:13 | Build | House |
| 5:17 | Build | House |
| 5:28 | Research | Loom |
| 5:42 | Create | Villager (Male) |
| 5:42 | Create | Villager (Male) |
| 6:00 | Build | Lumber Camp |
| 6:06 | Create | Villager (Male) |
| 6:30 | Research | Loom |
| 6:42 | Create | Villager (Male) |
| 7:18 | Create | Villager (Male) |
| 7:18 | Create | Villager (Male) |
| 7:48 | Create | Villager (Male) |
| 7:49 | Create | Villager (Male) |
| 8:22 | Build | Mill |
| 8:28 | Create | Villager (Male) |
| 8:28 | Create | Villager (Male) |
| 8:28 | Create | Villager (Male) |
| 8:36 | Build | House |
| 8:56 | Create | Villager (Male) |
| 9:16 | Build | House |
| 10:31 | Build | Mill |
| 10:33 | Create | Villager (Male) |
| 10:34 | Create | Villager (Male) |
| 11:10 | Build | House |
| 11:13 | Build | House |
| 11:30 | Build | House |
| 12:07 | Research | Feudal Age |
| 12:14 | Build | Barracks |
| 12:16 | Build | House |
| 12:30 | Build | Palisade Wall |
| 12:33 | Build | Palisade Wall |
| 12:35 | Build | Palisade Wall |
| 12:36 | Build | Palisade Wall |
| 12:40 | Build | Palisade Wall |
| 12:59 | Create | Villager (Male) |
| 13:00 | Create | Villager (Male) |
| 13:39 | Build | Palisade Wall |
| 13:51 | Build | House |
| 14:17 | Age | Feudal Age |
| 14:27 | Build | Stable |
| 14:35 | Create | Villager (Male) |
| 15:10 | Build | Blacksmith |
| 16:06 | Research | Castle Age |
| 16:18 | Build | Stable |
| 17:19 | Research | Double-Bit Axe |
| 17:48 | Build | Farm |
| 18:00 | Research | Horse Collar |
| 18:42 | Create | Villager (Male) |
| 18:42 | Create | Villager (Male) |
| 18:46 | Age | Castle Age |
| 18:50 | Build | Town Center |
| 19:15 | Build | Farm |
| 19:19 | Build | Farm |
| 19:22 | Create | Villager (Male) |
| 19:37 | Create | Villager (Male) |
| 19:41 | Build | Farm |
| 19:47 | Create | Villager (Male) |
| 20:05 | Build | Farm |
| 20:07 | Build | Farm |
| 20:16 | Create | Villager (Male) |
| 20:27 | Create | Villager (Male) |
| 20:50 | Create | Villager (Male) |
| 20:59 | Build | Town Center |
| 21:06 | Create | Villager (Male) |
| 21:08 | Create | Villager (Male) |
| 21:11 | Build | Farm |
| 21:11 | Build | Farm |
| 21:19 | Build | Farm |
| 21:23 | Create | Villager (Male) |
| 21:43 | Create | Villager (Male) |
| 21:49 | Build | Farm |
| 22:03 | Create | Villager (Male) |
| 22:16 | Build | House |
| 22:24 | Build | House |
| 22:25 | Build | House |
| 22:28 | Build | House |
| 22:34 | Create | Villager (Male) |
| 22:42 | Research | Scale Barding Armor |
| 22:43 | Create | Villager (Male) |
| 22:55 | Create | Villager (Male) |
| 22:56 | Create | Villager (Male) |
| 23:16 | Build | Stable |
| 23:20 | Build | Farm |
| 23:21 | Create | Villager (Male) |
| 23:22 | Create | Villager (Male) |
| 23:25 | Build | Farm |
| 23:35 | Create | Villager (Male) |
| 23:35 | Create | Villager (Male) |
| 23:53 | Create | Villager (Male) |
| 24:06 | Create | Villager (Male) |
| 24:12 | Research | Forging |
| 24:29 | Build | House |
| 24:32 | Build | Farm |
| 24:34 | Create | Villager (Male) |
| 24:35 | Create | Villager (Male) |
| 24:38 | Build | Mining Camp |
| 24:43 | Research | Bow Saw |
| 24:49 | Build | Farm |
| 24:50 | Build | Farm |
| 24:51 | Build | Farm |
| 24:54 | Create | Villager (Male) |
| 25:03 | Build | Farm |
| 25:16 | Build | Farm |
| 25:19 | Build | Farm |
| 25:21 | Create | Villager (Male) |
| 25:23 | Create | Villager (Male) |
| 25:24 | Create | Villager (Male) |
| 25:27 | Research | Bloodlines |
| 25:32 | Build | Farm |
| 25:34 | Build | Farm |
| 25:50 | Create | Villager (Male) |
| 25:54 | Research | Husbandry |
| 26:12 | Create | Villager (Male) |
| 26:26 | Research | Chain Barding Armor |
| 26:40 | Create | Villager (Male) |
| 26:50 | Create | Shrivamsha Rider ×2 |
| 26:50 | Create | Shrivamsha Rider ×2 |
| 27:14 | Create | Shrivamsha Rider ×2 |
| 27:23 | Create | Shrivamsha Rider ×2 |
| 27:23 | Create | Shrivamsha Rider ×2 |
| 27:43 | Create | Shrivamsha Rider |
| 28:11 | Create | Villager (Male) |
| 28:11 | Create | Villager (Male) |
| 28:17 | Build | Farm |
| 28:26 | Build | House |
| 28:27 | Build | House |
| 28:27 | Build | House |
| 28:46 | Build | Farm |
| 28:53 | Build | Mill |
| 28:57 | Create | Shrivamsha Rider ×5 |
| 29:09 | Create | Villager (Male) |
| 29:21 | Build | Market |
| 29:36 | Create | Villager (Male) |
| 29:39 | Research | Iron Casting |
| 29:47 | Create | Shrivamsha Rider |
| 29:48 | Create | Shrivamsha Rider |
| 30:01 | Create | Shrivamsha Rider |
| 30:10 | Create | Villager (Male) |
| 30:12 | Create | Villager (Male) |
| 30:14 | Build | Farm |
| 30:20 | Create | Shrivamsha Rider ×2 |
| 30:33 | Create | Shrivamsha Rider |
Build order — KekL_Perce1992
149 actions detected in the replay
| 0:08 | Build | House |
| 0:43 | Build | Town Center |
| 2:54 | Create | Villager (Male) ×4 |
| 2:55 | Create | Villager (Male) ×4 |
| 3:46 | Create | Villager (Male) |
| 4:19 | Create | Villager (Male) |
| 4:37 | Create | Villager (Male) |
| 4:54 | Build | House |
| 5:11 | Create | Villager (Male) |
| 5:52 | Create | Villager (Male) |
| 5:58 | Build | Lumber Camp |
| 6:00 | Create | Villager (Male) |
| 6:45 | Build | House |
| 7:00 | Create | Villager (Male) |
| 7:22 | Create | Villager (Male) |
| 7:32 | Create | Villager (Male) |
| 7:43 | Create | Villager (Male) |
| 8:32 | Build | Mill |
| 8:34 | Create | Villager (Male) |
| 8:59 | Create | Villager (Male) |
| 9:06 | Build | House |
| 9:13 | Create | Villager (Male) |
| 9:37 | Create | Villager (Male) |
| 9:39 | Build | House |
| 9:44 | Build | Palisade Wall |
| 9:47 | Build | Palisade Gate |
| 9:51 | Build | House |
| 10:05 | Create | Villager (Male) |
| 10:06 | Create | Villager (Male) |
| 10:24 | Research | Loom |
| 10:27 | Build | Mining Camp |
| 11:02 | Research | Feudal Age |
| 12:19 | Create | Villager (Male) |
| 13:12 | Build | Barracks |
| 13:50 | Age | Feudal Age |
| 13:58 | Build | Blacksmith |
| 14:01 | Build | Stable |
| 14:11 | Create | Villager (Male) |
| 14:44 | Research | Castle Age |
| 14:44 | Research | Castle Age |
| 15:00 | Research | Scale Barding Armor |
| 15:30 | Build | Watch Tower |
| 15:50 | Research | Fletching |
| 16:56 | Create | Villager (Male) |
| 16:56 | Create | Villager (Male) |
| 17:00 | Create | Scout Cavalry |
| 17:00 | Create | Scout Cavalry |
| 17:24 | Age | Castle Age |
| 17:32 | Create | Steppe Lancer |
| 17:33 | Create | Steppe Lancer |
| 18:13 | Create | Villager (Male) |
| 18:13 | Create | Villager (Male) |
| 18:41 | Create | Villager (Male) |
| 18:44 | Create | Steppe Lancer |
| 18:44 | Create | Steppe Lancer |
| 19:12 | Create | Villager (Male) |
| 19:15 | Build | Mining Camp |
| 19:19 | Build | Mill |
| 19:32 | Create | Villager (Male) |
| 19:57 | Build | House |
| 19:58 | Build | House |
| 20:03 | Create | Steppe Lancer |
| 20:03 | Create | Steppe Lancer |
| 20:30 | Create | Villager (Male) |
| 20:53 | Create | Villager (Male) |
| 20:59 | Create | Villager (Male) |
| 21:10 | Build | Monastery |
| 21:17 | Create | Villager (Male) |
| 21:43 | Create | Steppe Lancer |
| 21:51 | Create | Monk |
| 21:52 | Create | Monk |
| 21:54 | Build | House |
| 21:55 | Build | House |
| 21:57 | Create | Villager (Male) |
| 22:09 | Create | Villager (Male) |
| 22:20 | Build | House |
| 22:27 | Create | Villager (Male) |
| 22:50 | Create | Villager (Male) |
| 22:53 | Build | Farm |
| 22:53 | Build | Farm |
| 23:00 | Create | Villager (Male) |
| 23:03 | Build | House |
| 23:07 | Build | Market |
| 23:29 | Create | Monk |
| 23:44 | Create | Monk |
| 23:48 | Create | Steppe Lancer |
| 24:33 | Build | House |
| 24:37 | Build | Palisade Wall |
| 24:54 | Create | Monk |
| 24:55 | Create | Steppe Lancer |
| 25:12 | Build | Outpost |
| 25:15 | Research | Town Watch |
| 25:25 | Build | Outpost |
| 25:28 | Create | Villager (Male) |
| 25:29 | Create | Villager (Male) |
| 25:34 | Build | House |
| 25:35 | Build | House |
| 25:39 | Build | House |
| 25:39 | Build | House |
| 25:41 | Create | Monk |
| 25:49 | Build | House |
| 26:26 | Create | Villager (Male) |
| 26:43 | Create | Steppe Lancer ×2 |
| 27:15 | Create | Steppe Lancer |
| 27:15 | Create | Steppe Lancer |
| 27:49 | Create | Steppe Lancer |
| 27:59 | Build | Farm |
| 27:59 | Build | Farm |
| 27:59 | Build | Farm |
| 28:04 | Build | Mill |
| 28:04 | Build | Farm |
| 28:05 | Build | Farm |
| 28:05 | Build | Farm |
| 28:05 | Build | Farm |
| 28:05 | Build | Farm |
| 28:05 | Build | Farm |
| 28:06 | Build | Farm |
| 28:06 | Build | Farm |
| 28:06 | Build | Farm |
| 28:06 | Build | Farm |
| 28:07 | Build | Farm |
| 28:07 | Build | Farm |
| 28:07 | Build | Farm |
| 28:07 | Build | Farm |
| 28:10 | Create | Villager (Male) |
| 28:10 | Create | Villager (Male) |
| 28:14 | Build | House |
| 28:15 | Build | House |
| 28:41 | Create | Villager (Male) |
| 28:44 | Build | Siege Workshop |
| 29:26 | Build | Farm |
| 29:30 | Create | Villager (Male) |
| 29:30 | Create | Villager (Male) |
| 29:56 | Create | Villager (Male) |
| 29:58 | Build | House |
| 29:59 | Create | Iron Pagoda |
| 30:01 | Create | Iron Pagoda |
| 30:11 | Build | House |
| 30:14 | Build | House |
| 30:49 | Create | Iron Pagoda |
| 31:43 | Create | Villager (Male) |
| 31:43 | Create | Villager (Male) |
| 31:43 | Create | Villager (Male) |
| 31:48 | Create | Villager (Male) |
| 32:24 | Create | Villager (Male) |
| 32:25 | Create | Monk |
| 32:26 | Create | Monk |
| 33:10 | Create | Steppe Lancer |
| 33:10 | Create | Steppe Lancer |
Build order — Pius X
First 150 of 316 actions detected
| 0:07 | Build | House |
| 1:19 | Build | Town Center |
| 3:22 | Create | Villager (Male) ×4 |
| 3:29 | Research | Loom |
| 4:22 | Create | Villager (Male) |
| 4:48 | Create | Villager (Male) |
| 4:48 | Create | Villager (Male) |
| 5:16 | Build | House |
| 5:20 | Build | Lumber Camp |
| 5:25 | Create | Villager (Male) |
| 5:25 | Create | Villager (Male) |
| 5:25 | Create | Villager (Male) |
| 5:36 | Create | Villager (Male) |
| 5:37 | Create | Villager (Male) |
| 6:05 | Create | Villager (Male) |
| 6:37 | Research | Double-Bit Axe |
| 7:21 | Build | House |
| 7:30 | Create | Villager (Male) |
| 8:16 | Create | Villager (Male) |
| 8:26 | Build | Mill |
| 8:34 | Create | Villager (Male) |
| 8:52 | Create | Villager (Male) |
| 9:23 | Create | Villager (Male) |
| 9:27 | Build | House |
| 9:42 | Create | Villager (Male) |
| 10:06 | Research | Wheelbarrow |
| 11:23 | Research | Feudal Age |
| 11:49 | Build | Barracks |
| 12:04 | Build | Palisade Wall |
| 12:08 | Create | Villager (Male) |
| 12:16 | Build | Palisade Wall |
| 12:27 | Create | Villager (Male) |
| 13:52 | Age | Feudal Age |
| 13:56 | Research | Bow Saw |
| 14:01 | Build | Stable |
| 14:03 | Create | Flemish Militia |
| 14:03 | Create | Flemish Militia |
| 14:08 | Create | Spearman |
| 14:12 | Create | Villager (Male) |
| 14:13 | Research | Horse Collar |
| 14:29 | Create | Villager (Male) |
| 14:36 | Create | Scout Cavalry |
| 14:36 | Create | Scout Cavalry |
| 14:44 | Build | Farm |
| 14:45 | Build | Farm |
| 14:56 | Build | House |
| 14:58 | Build | House |
| 15:18 | Build | Farm |
| 15:25 | Build | Farm |
| 15:27 | Create | Villager (Male) |
| 15:44 | Build | Farm |
| 15:50 | Create | Scout Cavalry |
| 15:51 | Create | Villager (Male) |
| 16:00 | Build | Farm |
| 16:12 | Create | Villager (Male) |
| 16:22 | Create | Spearman |
| 16:22 | Create | Spearman |
| 16:22 | Create | Spearman |
| 16:50 | Build | Mining Camp |
| 16:52 | Create | Villager (Male) |
| 17:08 | Create | Flemish Militia |
| 17:11 | Create | Spearman |
| 17:39 | Build | House |
| 17:41 | Build | House |
| 17:43 | Build | House |
| 17:52 | Create | Spearman |
| 18:10 | Create | Villager (Male) |
| 18:10 | Create | Villager (Male) |
| 18:25 | Create | Spearman |
| 18:25 | Create | Spearman |
| 18:42 | Build | Palisade Wall |
| 18:44 | Build | Palisade Wall |
| 18:52 | Create | Spearman |
| 19:00 | Build | Farm |
| 19:02 | Build | Farm |
| 19:03 | Build | Farm |
| 19:07 | Create | Villager (Male) |
| 19:08 | Create | Villager (Male) |
| 19:13 | Build | Farm |
| 19:20 | Build | Palisade Wall |
| 19:24 | Build | Palisade Wall |
| 19:43 | Build | Blacksmith |
| 19:46 | Create | Villager (Male) |
| 19:55 | Build | House |
| 19:58 | Build | House |
| 20:11 | Create | Villager (Male) |
| 20:11 | Create | Villager (Male) |
| 20:34 | Create | Villager (Male) |
| 20:38 | Build | Farm |
| 20:39 | Build | Farm |
| 20:40 | Build | Farm |
| 20:49 | Build | Palisade Wall |
| 20:52 | Build | Palisade Wall |
| 21:23 | Create | Flemish Militia |
| 21:31 | Build | Farm |
| 21:32 | Build | Farm |
| 21:33 | Build | Farm |
| 21:46 | Create | Villager (Male) |
| 21:47 | Create | Villager (Male) |
| 22:11 | Build | Farm |
| 22:12 | Build | Farm |
| 22:29 | Build | Market |
| 22:34 | Build | Farm |
| 22:35 | Build | Farm |
| 22:35 | Build | Farm |
| 23:08 | Research | Castle Age |
| 23:19 | Build | Lumber Camp |
| 23:40 | Build | Stable |
| 23:43 | Research | Scale Barding Armor |
| 24:10 | Build | Palisade Gate |
| 24:23 | Research | Forging |
| 24:30 | Build | Palisade Wall |
| 25:22 | Build | Stable |
| 25:28 | Create | Villager (Male) |
| 25:48 | Age | Castle Age |
| 25:51 | Research | Cavalier (upgrade) |
| 25:51 | Research | Husbandry |
| 25:57 | Create | Villager (Male) |
| 26:01 | Build | Town Center |
| 26:10 | Create | Villager (Male) |
| 26:26 | Research | Pikeman (upgrade) |
| 26:35 | Research | Gold Mining |
| 27:03 | Create | Knight |
| 27:09 | Build | Stable |
| 27:14 | Create | Villager (Male) |
| 27:14 | Create | Villager (Male) |
| 27:14 | Create | Villager (Male) |
| 27:14 | Create | Villager (Male) |
| 27:28 | Create | Knight |
| 27:59 | Create | Knight |
| 28:02 | Create | Villager (Male) |
| 28:02 | Create | Villager (Male) |
| 28:04 | Build | Farm |
| 28:13 | Create | Knight |
| 28:18 | Build | House |
| 28:19 | Build | House |
| 28:34 | Create | Villager (Male) |
| 28:34 | Create | Villager (Male) |
| 28:36 | Create | Knight ×2 |
| 28:54 | Create | Villager (Male) |
| 28:54 | Create | Villager (Male) |
| 28:57 | Build | Farm |
| 29:19 | Research | Light Cavalry (upgrade) |
| 29:26 | Build | House |
| 29:27 | Build | House |
| 29:28 | Create | Knight ×2 |
| 29:31 | Create | Villager (Male) |
| 29:31 | Create | Villager (Male) |
| 29:31 | Create | Villager (Male) |
| 29:32 | Create | Villager (Male) |
Build order — El Papá
First 150 of 261 actions detected
| 0:19 | Build | Town Center |
| 1:11 | Build | House |
| 2:38 | Create | Villager (Male) |
| 2:39 | Create | Villager (Male) |
| 2:39 | Create | Villager (Male) |
| 2:39 | Create | Villager (Male) |
| 2:40 | Create | Villager (Male) |
| 4:10 | Create | Villager (Male) |
| 4:10 | Create | Villager (Male) |
| 4:49 | Create | Villager (Male) |
| 4:50 | Create | Villager (Male) |
| 4:50 | Create | Villager (Male) |
| 5:11 | Create | Villager (Male) |
| 5:11 | Create | Villager (Male) |
| 5:42 | Build | House |
| 5:44 | Research | Loom |
| 5:44 | Create | Villager (Male) |
| 5:53 | Build | Mill |
| 6:23 | Create | Villager (Male) |
| 6:23 | Create | Villager (Male) |
| 6:23 | Create | Villager (Male) |
| 6:40 | Create | Villager (Male) |
| 6:40 | Create | Villager (Male) |
| 6:57 | Build | House |
| 7:13 | Create | Villager (Male) |
| 7:51 | Build | House |
| 7:56 | Create | Villager (Male) |
| 8:19 | Create | Villager (Male) |
| 8:28 | Build | Lumber Camp |
| 8:44 | Create | Villager (Male) |
| 9:21 | Create | Villager (Male) |
| 9:54 | Create | Villager (Male) |
| 10:21 | Create | Villager (Male) |
| 10:48 | Research | Feudal Age |
| 11:05 | Build | Barracks |
| 12:02 | Build | Palisade Gate |
| 12:03 | Build | Palisade Wall |
| 12:08 | Build | Mining Camp |
| 12:20 | Create | Villager (Male) |
| 12:20 | Create | Villager (Male) |
| 12:53 | Build | House |
| 12:58 | Age | Feudal Age |
| 13:06 | Build | Stable |
| 13:21 | Create | Villager (Male) |
| 13:40 | Research | Double-Bit Axe |
| 13:58 | Create | Scout Cavalry |
| 13:58 | Create | Scout Cavalry |
| 13:58 | Create | Scout Cavalry |
| 14:06 | Build | Market |
| 14:16 | Build | Palisade Gate |
| 14:19 | Create | Villager (Male) |
| 14:19 | Create | Villager (Male) |
| 14:19 | Create | Villager (Male) |
| 14:57 | Build | Watch Tower |
| 15:00 | Create | Scout Cavalry |
| 15:18 | Build | Palisade Wall |
| 15:20 | Build | House |
| 15:22 | Build | House |
| 15:25 | Build | Palisade Wall |
| 15:26 | Create | Villager (Male) |
| 15:27 | Create | Villager (Male) |
| 15:27 | Create | Villager (Male) |
| 15:32 | Build | House |
| 16:31 | Create | Villager (Male) |
| 16:33 | Build | Farm |
| 16:34 | Build | Farm |
| 16:34 | Build | Farm |
| 16:34 | Build | Farm |
| 16:34 | Build | Farm |
| 16:35 | Build | Farm |
| 16:35 | Build | Farm |
| 17:03 | Create | Scout Cavalry |
| 17:03 | Create | Scout Cavalry |
| 17:03 | Create | Scout Cavalry |
| 18:07 | Create | Villager (Male) |
| 18:08 | Create | Villager (Male) |
| 18:08 | Create | Villager (Male) |
| 18:08 | Create | Villager (Male) |
| 18:10 | Build | Farm |
| 18:12 | Build | Farm |
| 18:47 | Create | Villager (Male) |
| 18:47 | Create | Villager (Male) |
| 18:48 | Create | Villager (Male) |
| 18:58 | Create | Camel Scout |
| 18:58 | Create | Camel Scout |
| 19:28 | Create | Camel Scout |
| 19:33 | Research | Horse Collar |
| 19:39 | Build | Mill |
| 19:40 | Build | Farm |
| 19:40 | Build | Farm |
| 19:40 | Build | Farm |
| 19:41 | Build | Farm |
| 19:41 | Build | Farm |
| 19:41 | Build | Farm |
| 19:41 | Build | Farm |
| 19:42 | Build | Farm |
| 19:42 | Build | Farm |
| 19:59 | Create | Villager (Male) |
| 20:19 | Build | Blacksmith |
| 20:37 | Build | Lumber Camp |
| 20:55 | Create | Camel Scout |
| 20:55 | Create | Camel Scout |
| 21:09 | Build | House |
| 21:10 | Build | House |
| 21:33 | Create | Villager (Male) |
| 21:34 | Research | Wheelbarrow |
| 22:25 | Build | Farm |
| 22:29 | Create | Camel Scout |
| 22:34 | Build | House |
| 23:04 | Create | Villager (Male) |
| 23:36 | Build | Stable |
| 23:46 | Research | Castle Age |
| 24:15 | Research | Bloodlines |
| 24:39 | Create | Camel Scout |
| 24:39 | Create | Camel Scout |
| 25:13 | Build | House |
| 25:23 | Research | Scale Barding Armor |
| 25:26 | Research | Forging |
| 25:45 | Build | Stable |
| 25:50 | Create | Camel Scout |
| 25:51 | Create | Camel Scout |
| 26:26 | Age | Castle Age |
| 27:13 | Create | Scout Cavalry |
| 27:14 | Create | Scout Cavalry |
| 27:14 | Research | Light Cavalry (upgrade) |
| 27:15 | Create | Scout Cavalry |
| 27:15 | Create | Scout Cavalry |
| 27:56 | Build | Farm |
| 27:56 | Build | Farm |
| 27:56 | Build | Farm |
| 27:57 | Build | Farm |
| 27:57 | Build | Farm |
| 27:57 | Build | Farm |
| 27:57 | Build | Farm |
| 27:58 | Build | Farm |
| 28:06 | Create | Scout Cavalry |
| 28:30 | Build | Farm |
| 28:31 | Build | Farm |
| 28:37 | Create | Scout Cavalry |
| 28:37 | Create | Scout Cavalry |
| 29:10 | Research | Husbandry |
| 29:11 | Create | Scout Cavalry |
| 29:24 | Create | Villager (Male) |
| 29:24 | Create | Villager (Male) |
| 29:25 | Create | Villager (Male) |
| 29:52 | Create | Camel Scout |
| 29:52 | Create | Camel Scout |
| 29:52 | Create | Camel Scout |
| 29:58 | Build | Mining Camp |
| 31:31 | Create | Camel Scout |
Build order — JAGR | LeonzAoe
First 150 of 260 actions detected
| 0:52 | Build | Town Center |
| 0:58 | Build | House |
| 1:03 | Build | House |
| 2:00 | Build | House |
| 3:06 | Create | Villager (Male) ×4 |
| 4:09 | Create | Villager (Male) |
| 4:09 | Create | Villager (Male) |
| 4:44 | Create | Villager (Male) |
| 4:44 | Create | Villager (Male) |
| 4:49 | Build | Lumber Camp |
| 5:12 | Create | Villager (Male) |
| 5:12 | Create | Villager (Male) |
| 6:01 | Create | Villager (Male) |
| 6:01 | Create | Villager (Male) |
| 6:35 | Create | Villager (Male) |
| 6:35 | Create | Villager (Male) |
| 6:37 | Build | House |
| 7:06 | Create | Villager (Male) |
| 7:20 | Create | Villager (Male) |
| 7:38 | Create | Villager (Male) |
| 7:55 | Build | Mill |
| 8:36 | Research | Loom |
| 9:37 | Research | Feudal Age |
| 10:44 | Build | Barracks |
| 11:07 | Create | Villager (Male) |
| 11:07 | Create | Villager (Male) |
| 11:11 | Build | House |
| 11:17 | Build | House |
| 11:47 | Age | Feudal Age |
| 12:08 | Build | Stable |
| 12:17 | Create | Villager (Male) |
| 12:25 | Build | House |
| 12:50 | Create | Villager (Male) |
| 12:52 | Create | Scout Cavalry |
| 12:52 | Create | Scout Cavalry |
| 12:54 | Research | Double-Bit Axe |
| 12:57 | Build | House |
| 12:59 | Build | House |
| 13:14 | Create | Scout Cavalry |
| 13:15 | Create | Villager (Male) |
| 13:15 | Create | Villager (Male) |
| 13:52 | Build | Blacksmith |
| 13:54 | Build | House |
| 14:09 | Create | Villager (Male) |
| 14:23 | Research | Horse Collar |
| 14:29 | Build | Farm |
| 14:32 | Create | Villager (Male) |
| 14:34 | Create | Scout Cavalry |
| 14:42 | Build | House |
| 14:44 | Create | Villager (Male) |
| 15:13 | Create | Villager (Male) |
| 15:14 | Create | Villager (Male) |
| 15:21 | Build | Farm |
| 15:24 | Build | Farm |
| 15:28 | Research | Forging |
| 15:40 | Build | Mill |
| 15:48 | Create | Spearman |
| 15:54 | Create | Spearman |
| 15:56 | Create | Villager (Male) |
| 15:57 | Build | House |
| 16:23 | Build | Farm |
| 16:25 | Build | Farm |
| 16:33 | Create | Villager (Male) |
| 16:34 | Create | Villager (Male) |
| 17:17 | Build | Farm |
| 17:18 | Create | Villager (Male) |
| 17:18 | Create | Villager (Male) |
| 17:20 | Build | Farm |
| 17:22 | Build | Farm |
| 17:54 | Create | Villager (Male) |
| 17:54 | Create | Villager (Male) |
| 17:56 | Build | Mining Camp |
| 18:22 | Create | Villager (Male) |
| 18:22 | Create | Villager (Male) |
| 18:26 | Build | Mining Camp |
| 18:48 | Research | Wheelbarrow |
| 19:50 | Build | Market |
| 19:52 | Research | Castle Age |
| 20:41 | Research | Gold Mining |
| 21:16 | Research | Fletching |
| 21:49 | Research | Bloodlines |
| 23:04 | Create | Villager (Male) |
| 23:04 | Create | Villager (Male) |
| 24:02 | Age | Castle Age |
| 24:07 | Build | Castle |
| 24:14 | Research | Bow Saw |
| 24:15 | Research | Heavy Plow |
| 24:19 | Build | University |
| 24:24 | Research | Bodkin Arrow |
| 24:26 | Research | Husbandry |
| 24:34 | Build | Archery Range |
| 24:56 | Build | Monastery |
| 25:02 | Create | Camel Archer |
| 25:02 | Create | Camel Archer |
| 25:05 | Create | Villager (Male) |
| 25:05 | Create | Villager (Male) |
| 25:05 | Create | Villager (Male) |
| 25:21 | Research | Ballistics |
| 25:22 | Create | Camel Archer |
| 25:24 | Create | Villager (Male) |
| 25:30 | Build | House |
| 25:32 | Build | House |
| 25:43 | Create | Monk |
| 26:10 | Create | Camel Archer |
| 26:10 | Create | Camel Archer |
| 26:11 | Create | Villager (Male) |
| 26:12 | Create | Villager (Male) |
| 26:34 | Build | Farm |
| 26:38 | Build | Farm |
| 26:41 | Create | Camel Archer |
| 26:44 | Create | Villager (Male) |
| 27:02 | Build | Farm |
| 27:15 | Create | Camel Archer |
| 27:15 | Create | Camel Archer |
| 27:19 | Create | Villager (Male) |
| 27:55 | Build | Farm |
| 27:58 | Create | Camel Archer |
| 27:58 | Create | Camel Archer |
| 27:59 | Create | Villager (Male) |
| 27:59 | Create | Villager (Male) |
| 27:59 | Create | Villager (Male) |
| 27:59 | Create | Villager (Male) |
| 27:59 | Create | Villager (Male) |
| 28:14 | Create | Camel Archer |
| 28:23 | Research | Padded Archer Armor |
| 28:31 | Create | Camel Archer |
| 29:14 | Research | Thumb Ring |
| 29:21 | Create | Villager (Male) |
| 29:22 | Create | Villager (Male) |
| 29:41 | Create | Villager (Male) |
| 29:53 | Create | Camel Archer |
| 29:53 | Create | Camel Archer |
| 29:53 | Create | Camel Archer |
| 30:23 | Build | Castle |
| 30:24 | Build | Mining Camp |
| 30:51 | Build | Mining Camp |
| 30:54 | Build | Mill |
| 30:57 | Create | Villager (Male) |
| 30:57 | Create | Villager (Male) |
| 30:58 | Create | Villager (Male) |
| 31:02 | Build | Farm |
| 31:09 | Build | Town Center |
| 31:23 | Build | Lumber Camp |
| 32:50 | Research | Imperial Age |
| 32:52 | Research | Town Watch |
| 33:17 | Research | Kasbah |
| 33:44 | Create | Camel Archer |
| 33:45 | Create | Camel Archer |
| 33:45 | Create | Camel Archer |
| 33:45 | Create | Camel Archer |
Build order — PVS | Sam
First 150 of 331 actions detected
| 0:09 | Build | Town Center |
| 0:15 | Build | House |
| 0:16 | Build | House |
| 2:31 | Create | Villager (Male) ×4 |
| 2:42 | Build | House |
| 2:42 | Build | House |
| 2:57 | Build | House |
| 3:20 | Build | House |
| 3:21 | Build | House |
| 3:51 | Create | Villager (Male) |
| 3:51 | Create | Villager (Male) |
| 4:44 | Create | Villager (Male) |
| 4:45 | Create | Villager (Male) |
| 4:46 | Create | Villager (Male) |
| 5:22 | Create | Villager (Male) |
| 5:40 | Build | Lumber Camp |
| 5:43 | Create | Villager (Male) |
| 6:01 | Create | Villager (Male) |
| 6:01 | Create | Villager (Male) |
| 6:01 | Create | Villager (Male) |
| 7:00 | Create | Villager (Male) |
| 7:32 | Create | Villager (Male) |
| 8:02 | Create | Villager (Male) |
| 8:19 | Build | House |
| 8:28 | Build | House |
| 8:33 | Create | Villager (Male) |
| 8:42 | Build | Mill |
| 8:50 | Build | House |
| 9:02 | Create | Villager (Male) |
| 9:03 | Research | Loom |
| 9:44 | Research | Feudal Age |
| 10:21 | Build | Mining Camp |
| 11:23 | Build | Barracks |
| 11:27 | Create | Villager (Male) |
| 12:02 | Age | Feudal Age |
| 12:08 | Create | Spearman |
| 12:08 | Research | Double-Bit Axe |
| 12:10 | Create | Villager (Male) |
| 12:26 | Create | Villager (Male) |
| 12:30 | Build | House |
| 13:10 | Create | Villager (Male) |
| 13:29 | Create | Villager (Male) |
| 13:56 | Create | Villager (Male) |
| 14:03 | Build | Blacksmith |
| 14:10 | Build | House |
| 14:30 | Create | Villager (Male) |
| 14:53 | Create | Villager (Male) |
| 14:58 | Build | Market |
| 15:17 | Create | Villager (Male) |
| 15:45 | Create | Villager (Male) |
| 16:08 | Create | Villager (Male) |
| 16:15 | Build | Archery Range |
| 16:29 | Create | Villager (Male) |
| 16:30 | Create | Spearman |
| 16:39 | Build | Farm |
| 16:39 | Build | Farm |
| 16:39 | Build | Farm |
| 16:40 | Build | Farm |
| 16:40 | Build | Farm |
| 16:40 | Build | Farm |
| 16:41 | Build | Farm |
| 16:41 | Build | Farm |
| 17:07 | Create | Villager (Male) |
| 17:18 | Create | Spearman |
| 17:33 | Create | Villager (Male) |
| 17:34 | Build | Farm |
| 17:38 | Build | House |
| 18:00 | Create | Spearman |
| 18:09 | Build | Farm |
| 18:12 | Build | Farm |
| 18:12 | Build | Farm |
| 18:25 | Create | Spearman |
| 18:28 | Create | Villager (Male) |
| 18:30 | Build | Farm |
| 18:39 | Build | Farm |
| 18:46 | Create | Villager (Male) |
| 18:49 | Build | House |
| 18:51 | Build | House |
| 18:53 | Build | Palisade Wall |
| 18:56 | Build | Palisade Wall |
| 19:23 | Create | Villager (Male) |
| 19:42 | Research | Castle Age |
| 19:42 | Research | Castle Age |
| 20:07 | Build | House |
| 20:17 | Build | Archery Range |
| 20:19 | Research | Fletching |
| 20:37 | Create | Archer |
| 20:43 | Build | Archery Range |
| 20:47 | Research | Gold Mining |
| 20:59 | Create | Archer |
| 20:59 | Create | Archer |
| 21:00 | Create | Archer |
| 21:41 | Build | Farm |
| 21:42 | Research | Horse Collar |
| 21:45 | Create | Archer |
| 21:46 | Create | Archer |
| 21:46 | Create | Archer |
| 22:24 | Research | Wheelbarrow |
| 22:28 | Age | Castle Age |
| 22:30 | Build | Town Center |
| 22:47 | Create | Villager (Male) |
| 22:49 | Build | House |
| 23:09 | Research | Crossbowman (upgrade) |
| 23:31 | Create | Villager (Male) |
| 23:32 | Create | Villager (Male) |
| 23:35 | Create | Archer ×2 |
| 23:35 | Create | Archer ×2 |
| 23:40 | Create | Villager (Male) |
| 23:40 | Create | Villager (Male) |
| 23:51 | Create | Archer ×2 |
| 24:03 | Build | Farm |
| 24:05 | Create | Villager (Male) |
| 24:05 | Create | Villager (Male) ×2 |
| 24:05 | Create | Villager (Male) |
| 24:17 | Create | Archer ×3 |
| 24:17 | Create | Archer ×3 |
| 24:20 | Build | Farm |
| 24:27 | Build | Farm |
| 24:29 | Create | Villager (Male) |
| 24:29 | Create | Villager (Male) |
| 24:44 | Build | Farm |
| 24:46 | Create | Villager (Male) ×2 |
| 24:46 | Create | Villager (Male) ×2 |
| 24:51 | Build | House |
| 24:52 | Build | House |
| 25:03 | Research | Town Watch |
| 25:39 | Create | Villager (Male) ×3 |
| 25:47 | Build | University |
| 25:55 | Create | Villager (Male) ×2 |
| 25:55 | Create | Villager (Male) ×2 |
| 26:05 | Research | Bodkin Arrow |
| 26:05 | Research | Bodkin Arrow |
| 26:14 | Build | Farm |
| 26:15 | Build | Lumber Camp |
| 26:25 | Research | Bow Saw |
| 26:26 | Research | Bow Saw |
| 26:46 | Build | Farm |
| 26:48 | Create | Villager (Male) |
| 26:48 | Create | Villager (Male) |
| 27:08 | Research | Ballistics |
| 27:08 | Research | Ballistics |
| 27:36 | Create | Villager (Male) ×5 |
| 27:36 | Create | Villager (Male) ×5 |
| 27:39 | Build | Farm |
| 27:40 | Build | Farm |
| 28:09 | Build | Town Center |
| 28:20 | Create | Villager (Male) ×5 |
| 28:42 | Research | Stone Mining |
| 28:46 | Build | Farm |
| 28:49 | Build | Barracks |
Build order — [T41] Flavalon
First 150 of 211 actions detected
| 0:45 | Build | Town Center |
| 2:41 | Build | Mill |
| 2:53 | Create | Villager (Male) ×4 |
| 3:58 | Create | Villager (Male) |
| 3:58 | Create | Villager (Male) |
| 4:23 | Create | Villager (Male) |
| 4:24 | Create | Villager (Male) |
| 4:49 | Create | Villager (Male) |
| 5:02 | Create | Villager (Male) |
| 5:02 | Create | Villager (Male) |
| 5:19 | Create | Villager (Male) |
| 5:19 | Create | Villager (Male) |
| 5:42 | Create | Villager (Male) |
| 5:42 | Create | Villager (Male) |
| 5:54 | Create | Villager (Male) |
| 5:54 | Create | Villager (Male) |
| 6:17 | Create | Villager (Male) |
| 6:17 | Create | Villager (Male) |
| 6:44 | Create | Villager (Male) |
| 6:44 | Create | Villager (Male) |
| 7:03 | Create | Villager (Male) |
| 7:27 | Create | Villager (Male) |
| 7:28 | Create | Villager (Male) |
| 8:04 | Create | Villager (Male) |
| 8:05 | Create | Villager (Male) |
| 8:05 | Create | Villager (Male) |
| 8:45 | Create | Villager (Male) |
| 9:03 | Create | Villager (Male) |
| 9:31 | Research | Loom |
| 11:01 | Create | Villager (Male) |
| 11:32 | Build | Barracks |
| 11:53 | Research | Feudal Age |
| 14:03 | Age | Feudal Age |
| 14:11 | Build | Stable |
| 14:16 | Build | Blacksmith |
| 14:41 | Create | Scout Cavalry |
| 14:41 | Create | Scout Cavalry |
| 14:42 | Create | Scout Cavalry |
| 14:42 | Create | Scout Cavalry |
| 14:49 | Build | Stable |
| 14:57 | Create | Villager (Male) |
| 14:57 | Create | Villager (Male) |
| 15:04 | Research | Scale Barding Armor |
| 15:05 | Research | Forging |
| 15:22 | Create | Scout Cavalry |
| 15:22 | Create | Scout Cavalry |
| 15:22 | Create | Scout Cavalry |
| 15:42 | Create | Villager (Male) |
| 15:49 | Build | Lumber Camp |
| 15:59 | Create | Spearman |
| 15:59 | Create | Spearman |
| 16:11 | Create | Scout Cavalry |
| 16:32 | Create | Scout Cavalry |
| 16:32 | Create | Scout Cavalry |
| 16:39 | Create | Villager (Male) |
| 16:39 | Create | Villager (Male) |
| 17:11 | Create | Scout Cavalry |
| 17:11 | Create | Scout Cavalry |
| 17:44 | Create | Scout Cavalry |
| 17:44 | Create | Scout Cavalry |
| 18:14 | Create | Villager (Male) |
| 18:14 | Create | Villager (Male) |
| 18:30 | Create | Scout Cavalry |
| 19:17 | Research | Horse Collar |
| 19:22 | Create | Spearman |
| 19:25 | Create | Villager (Male) |
| 19:25 | Create | Villager (Male) |
| 19:25 | Create | Villager (Male) |
| 19:25 | Create | Villager (Male) |
| 19:50 | Create | Scout Cavalry |
| 19:50 | Create | Scout Cavalry |
| 19:55 | Build | Farm |
| 19:55 | Build | Farm |
| 19:56 | Build | Farm |
| 20:13 | Build | Farm |
| 20:13 | Build | Farm |
| 20:13 | Build | Farm |
| 20:13 | Build | Farm |
| 20:14 | Build | Farm |
| 20:14 | Build | Farm |
| 20:14 | Build | Farm |
| 20:14 | Build | Farm |
| 20:25 | Create | Villager (Male) |
| 20:25 | Create | Villager (Male) |
| 20:33 | Build | Mining Camp |
| 20:49 | Build | Farm |
| 20:55 | Build | Farm |
| 20:57 | Create | Villager (Male) |
| 20:58 | Create | Villager (Male) |
| 21:23 | Create | Villager (Male) |
| 21:23 | Create | Villager (Male) |
| 21:39 | Create | Villager (Male) |
| 21:46 | Build | Farm |
| 21:47 | Build | Farm |
| 22:04 | Build | Farm |
| 22:16 | Create | Villager (Male) |
| 22:16 | Create | Villager (Male) |
| 23:03 | Create | Villager (Male) |
| 23:16 | Build | Farm |
| 23:16 | Build | Farm |
| 23:16 | Build | Farm |
| 23:59 | Build | Mining Camp |
| 24:11 | Research | Castle Age |
| 25:45 | Research | Bloodlines |
| 26:00 | Build | Lumber Camp |
| 26:52 | Age | Castle Age |
| 26:59 | Build | Town Center |
| 27:07 | Research | Husbandry |
| 27:11 | Create | Knight |
| 27:14 | Create | Knight |
| 27:41 | Create | Villager (Male) |
| 27:42 | Create | Villager (Male) |
| 27:42 | Create | Villager (Male) |
| 27:52 | Create | Villager (Male) |
| 27:53 | Create | Villager (Male) |
| 28:28 | Create | Villager (Male) |
| 28:28 | Create | Villager (Male) |
| 28:41 | Create | Villager (Male) |
| 28:41 | Create | Villager (Male) |
| 28:42 | Create | Villager (Male) |
| 29:02 | Create | Villager (Male) |
| 29:02 | Create | Villager (Male) |
| 29:09 | Research | Wheelbarrow |
| 30:03 | Build | Town Center |
| 30:05 | Create | Villager (Male) |
| 30:06 | Create | Villager (Male) |
| 30:11 | Create | Villager (Male) |
| 30:11 | Create | Villager (Male) |
| 30:39 | Create | Villager (Male) |
| 30:39 | Create | Villager (Male) |
| 30:57 | Create | Villager (Male) |
| 31:16 | Build | Castle |
| 31:30 | Research | Double-Bit Axe |
| 31:31 | Create | Villager (Male) |
| 31:39 | Research | Hand Cart |
| 31:40 | Create | Villager (Male) |
| 31:52 | Create | Villager (Male) |
| 31:52 | Create | Villager (Male) |
| 31:53 | Create | Villager (Male) |
| 32:00 | Create | Knight |
| 32:00 | Create | Knight |
| 32:03 | Create | Villager (Male) |
| 32:03 | Create | Villager (Male) |
| 32:14 | Create | Villager (Male) |
| 32:14 | Create | Villager (Male) |
| 32:25 | Create | Knight |
| 32:25 | Create | Knight |
| 32:32 | Build | Farm |
| 32:36 | Create | Villager (Male) |
| 32:36 | Create | Villager (Male) |
Build order — Hakka1_90
First 150 of 495 actions detected
| 0:15 | Build | Town Center |
| 0:24 | Build | Town Center |
| 2:18 | Build | House |
| 2:24 | Research | Loom |
| 2:25 | Research | Loom |
| 2:25 | Create | Villager (Male) |
| 2:25 | Create | Villager (Male) |
| 2:25 | Create | Villager (Male) |
| 2:29 | Create | Villager (Male) |
| 3:41 | Create | Villager (Male) |
| 4:36 | Build | Lumber Camp |
| 4:39 | Create | Villager (Male) |
| 4:57 | Create | Villager (Male) |
| 4:57 | Create | Villager (Male) |
| 5:02 | Build | House |
| 5:36 | Create | Villager (Male) |
| 5:36 | Create | Villager (Male) |
| 6:14 | Create | Villager (Male) |
| 6:37 | Create | Villager (Male) |
| 6:39 | Build | House |
| 6:55 | Build | Mill |
| 6:59 | Create | Villager (Male) |
| 6:59 | Create | Villager (Male) |
| 7:06 | Create | Villager (Male) |
| 7:32 | Create | Villager (Male) |
| 7:34 | Create | Villager (Male) |
| 7:44 | Create | Villager (Male) |
| 8:22 | Create | Villager (Male) |
| 8:35 | Create | Villager (Male) |
| 8:42 | Create | Villager (Male) |
| 8:55 | Build | House |
| 9:20 | Build | Mining Camp |
| 9:21 | Create | Villager (Male) |
| 10:48 | Research | Feudal Age |
| 11:23 | Build | House |
| 11:46 | Create | Villager (Male) |
| 12:45 | Create | Villager (Male) |
| 12:58 | Age | Feudal Age |
| 12:59 | Build | Market |
| 13:01 | Build | Blacksmith |
| 13:12 | Research | Double-Bit Axe |
| 13:14 | Create | Villager (Male) |
| 13:49 | Research | Castle Age |
| 13:56 | Build | House |
| 14:44 | Create | Villager (Male) |
| 15:01 | Research | Horse Collar |
| 15:02 | Research | Gold Mining |
| 15:12 | Create | Villager (Male) |
| 15:36 | Research | Wheelbarrow |
| 16:29 | Age | Castle Age |
| 16:30 | Build | Town Center |
| 16:33 | Build | Town Center |
| 16:42 | Create | Villager (Male) |
| 16:48 | Research | Bow Saw |
| 17:28 | Create | Villager (Male) |
| 17:51 | Create | Villager (Male) |
| 17:51 | Create | Villager (Male) |
| 17:52 | Create | Villager (Male) |
| 18:00 | Create | Villager (Male) |
| 18:00 | Create | Villager (Male) |
| 18:00 | Create | Villager (Male) |
| 18:13 | Build | Farm |
| 18:15 | Build | Farm |
| 18:22 | Create | Villager (Male) |
| 18:26 | Create | Villager (Male) |
| 18:49 | Build | Town Center |
| 18:51 | Create | Villager (Male) |
| 19:01 | Build | Farm |
| 19:03 | Build | Farm |
| 19:12 | Build | Farm |
| 19:14 | Create | Villager (Male) |
| 19:18 | Build | House |
| 19:21 | Build | House |
| 19:23 | Create | Villager (Male) |
| 19:28 | Create | Villager (Male) |
| 19:34 | Build | Farm |
| 19:44 | Create | Villager (Male) |
| 19:54 | Create | Villager (Male) |
| 19:56 | Create | Villager (Male) |
| 20:01 | Build | Farm |
| 20:02 | Create | Villager (Male) |
| 20:02 | Create | Villager (Male) |
| 20:21 | Create | Villager (Male) |
| 20:21 | Create | Villager (Male) |
| 20:40 | Build | Town Center |
| 20:41 | Create | Villager (Male) |
| 20:43 | Create | Villager (Male) |
| 20:56 | Build | Mill |
| 20:57 | Create | Villager (Male) |
| 20:59 | Build | Farm |
| 21:02 | Build | Farm |
| 21:05 | Create | Villager (Male) |
| 21:07 | Create | Villager (Male) |
| 21:07 | Create | Villager (Male) |
| 21:15 | Create | Villager (Male) |
| 21:16 | Create | Villager (Male) |
| 21:17 | Create | Villager (Male) |
| 21:18 | Create | Villager (Male) |
| 21:20 | Build | Farm |
| 21:24 | Build | Farm |
| 21:27 | Build | Farm |
| 21:28 | Create | Villager (Male) |
| 21:36 | Create | Villager (Male) |
| 21:37 | Create | Villager (Male) |
| 21:37 | Create | Villager (Male) |
| 21:47 | Build | Farm |
| 21:50 | Create | Villager (Male) |
| 21:56 | Create | Villager (Male) |
| 22:00 | Build | House |
| 22:01 | Build | House |
| 22:04 | Create | Villager (Male) |
| 22:09 | Build | Farm |
| 22:12 | Build | Farm |
| 22:17 | Create | Villager (Male) |
| 22:17 | Create | Villager (Male) |
| 22:18 | Create | Villager (Male) |
| 22:24 | Build | Farm |
| 22:26 | Build | Farm |
| 22:27 | Create | Villager (Male) |
| 22:37 | Research | Fletching |
| 22:46 | Build | Farm |
| 22:52 | Create | Villager (Male) |
| 22:53 | Create | Villager (Male) |
| 22:59 | Build | Farm |
| 23:02 | Build | Farm |
| 23:03 | Create | Villager (Male) |
| 23:04 | Create | Villager (Male) |
| 23:05 | Create | Villager (Male) |
| 23:06 | Create | Villager (Male) |
| 23:11 | Create | Villager (Male) |
| 23:17 | Build | Farm |
| 23:20 | Build | Farm |
| 23:22 | Create | Villager (Male) |
| 23:22 | Create | Villager (Male) |
| 23:23 | Create | Villager (Male) |
| 23:30 | Build | Farm |
| 23:36 | Build | Farm |
| 23:46 | Create | Villager (Male) |
| 23:47 | Create | Villager (Male) |
| 23:49 | Build | Farm |
| 23:50 | Create | Villager (Male) |
| 23:53 | Create | Villager (Male) |
| 23:53 | Create | Villager (Male) |
| 23:57 | Build | House |
| 23:59 | Build | House |
| 24:00 | Build | Farm |
| 24:03 | Build | Farm |
| 24:14 | Build | House |
| 24:19 | Build | Stone Wall |
| 24:26 | Build | House |
Match timeline
| 9:44 | KekL_Perce1992 · wall_segment Palisade Wall x1 |
| 10:44 | JAGR | LeonzAoe · first_building Barracks |
| 11:05 | El Papá · first_building Barracks |
| 11:23 | PVS | Sam · first_building Barracks |
| 11:32 | [T41] Flavalon · first_building Barracks |
| 11:47 | JAGR | LeonzAoe · age_up feudal |
| 11:49 | Pius X · first_building Barracks |
| 12:02 | PVS | Sam · age_up feudal |
| 12:03 | El Papá · wall_segment Palisade Wall x1 |
| 12:04 | Pius X · wall_segment Palisade Wall x11 |
| 12:08 | JAGR | LeonzAoe · first_building Stable |
| 12:14 | VaultBoy · first_building Barracks |
| 12:16 | Pius X · wall_segment Palisade Wall x11 |
| 12:30 | VaultBoy · wall_segment Palisade Wall x1 |
| 12:33 | VaultBoy · wall_segment Palisade Wall x1 |
| 12:35 | VaultBoy · wall_segment Palisade Wall x1 |
| 12:36 | VaultBoy · wall_segment Palisade Wall x1 |
| 12:40 | VaultBoy · wall_segment Palisade Wall x1 |
| 12:58 | El Papá · age_up feudal |
| 12:58 | Hakka1_90 · age_up feudal |
| 13:06 | El Papá · first_building Stable |
| 13:12 | KekL_Perce1992 · first_building Barracks |
| 13:39 | VaultBoy · wall_segment Palisade Wall x7 |
| 13:50 | KekL_Perce1992 · age_up feudal |
| 13:52 | Pius X · age_up feudal |
| 14:01 | Pius X · first_building Stable |
| 14:01 | KekL_Perce1992 · first_building Stable |
| 14:03 | [T41] Flavalon · age_up feudal |
| 14:11 | [T41] Flavalon · first_building Stable |
| 14:17 | VaultBoy · age_up feudal |
| 14:27 | VaultBoy · first_building Stable |
| 15:18 | El Papá · wall_segment Palisade Wall x1 |
| 15:25 | El Papá · wall_segment Palisade Wall x1 |
| 15:56 | PVS | Sam · first_market_sell 100 wood |
| 15:57 | PVS | Sam · first_market_buy 100 food |
| 16:15 | PVS | Sam · first_building Archery Range |
| 16:29 | Hakka1_90 · age_up castle |
| 16:47 | Hakka1_90 · first_market_buy 100 wood |
| 17:24 | KekL_Perce1992 · age_up castle |
| 18:42 | Pius X · wall_segment Palisade Wall x2 |
| 18:44 | Pius X · wall_segment Palisade Wall x2 |
| 18:46 | VaultBoy · age_up castle |
| 18:53 | PVS | Sam · wall_segment Palisade Wall x1 |
| 18:56 | PVS | Sam · wall_segment Palisade Wall x1 |
| 19:20 | Pius X · wall_segment Palisade Wall x1 |
| 19:24 | Pius X · wall_segment Palisade Wall x8 |
| 20:49 | Pius X · wall_segment Palisade Wall x6 |
| 20:52 | Pius X · wall_segment Palisade Wall x4 |
| 21:10 | KekL_Perce1992 · first_building Monastery |
| 22:28 | PVS | Sam · age_up castle |
| 23:24 | El Papá · first_market_buy 100 food |
| 23:25 | El Papá · first_market_sell 100 wood |
| 23:46 | JAGR | LeonzAoe · first_market_buy 100 stone |
| 24:02 | JAGR | LeonzAoe · age_up castle |
| 24:07 | JAGR | LeonzAoe · first_building Castle |
| 24:18 | KekL_Perce1992 · first_market_sell 100 wood |
| 24:19 | Hakka1_90 · wall_segment Stone Wall x1 |
| 24:29 | Hakka1_90 · wall_segment Stone Wall x1 |
| 24:30 | Pius X · wall_segment Palisade Wall x3 |
| 24:31 | Hakka1_90 · wall_segment Stone Wall x1 |
| 24:34 | JAGR | LeonzAoe · first_building Archery Range |
| 24:37 | KekL_Perce1992 · wall_segment Palisade Wall x1 |
| 24:56 | JAGR | LeonzAoe · first_building Monastery |
| 25:10 | JAGR | LeonzAoe · first_market_sell 100 food |
| 25:48 | Pius X · age_up castle |
| 26:18 | Hakka1_90 · first_building Barracks |
| 26:26 | El Papá · age_up castle |
| 26:43 | Hakka1_90 · first_building Castle |
| 26:52 | [T41] Flavalon · age_up castle |
| 27:05 | Hakka1_90 · wall_segment Stone Wall x1 |
| 27:07 | Hakka1_90 · wall_segment Stone Wall x1 |
| 27:50 | Hakka1_90 · first_building Siege Workshop |
| 28:05 | Hakka1_90 · wall_segment Stone Wall x5 |
| 28:09 | Hakka1_90 · wall_segment Stone Wall x4 |
| 28:10 | Hakka1_90 · wall_segment Stone Wall x9 |
| 28:12 | Pius X · first_market_sell 100 food |
| 28:44 | KekL_Perce1992 · first_building Siege Workshop |
| 30:39 | VaultBoy · first_market_buy 100 food |
| 31:00 | Hakka1_90 · first_building Stable |
| 31:16 | [T41] Flavalon · first_building Castle |
| 31:32 | VaultBoy · first_building Siege Workshop |
| 31:49 | Hakka1_90 · age_up imperial |
| 31:53 | Hakka1_90 · first_market_sell 100 food |
| 33:26 | KekL_Perce1992 · resign |
| 33:40 | PVS | Sam · first_building Castle |
| 33:50 | Hakka1_90 · wall_segment Stone Wall x21 |
| 34:43 | [T41] Flavalon · first_building Archery Range |
| 34:55 | Hakka1_90 · wall_segment Stone Wall x1 |
| 34:56 | Hakka1_90 · wall_segment Stone Wall x1 |
| 34:57 | Hakka1_90 · wall_segment Stone Wall x2 |
| 35:55 | PVS | Sam · first_building Siege Workshop |
| 36:00 | JAGR | LeonzAoe · age_up imperial |
| 36:44 | VaultBoy · first_building Castle |
| 37:46 | VaultBoy · wall_segment Palisade Wall x1 |
| 37:55 | Hakka1_90 · wall_segment Stone Wall x3 |
| 39:54 | PVS | Sam · age_up imperial |
| 40:27 | Hakka1_90 · wall_segment Stone Wall x1 |
| 42:32 | Pius X · first_building Castle |
| 42:58 | Hakka1_90 · wall_segment Stone Wall x2 |
[ AI ANALYSIS · 1 CREDIT ]
What really happened in this match?
Wolo.gg analyzes every decision: build order, eco, micro, common mistakes by bracket. Personalized analysis on WhatsApp or Discord in 30 seconds.
Civ guide
Gurjaras
Perfil
Jugador #277412